 Dungeon Crawl Stone Soup version 0.31-a0-925-g0a390f2509 (webtiles) character file.

Game seed: 5982885861093815661

135 DocEon the Slasher (level 4, -5/39 HPs)
             Began as an Armataur Fighter on Oct 18, 2023.
             Slain by Grinder (6 damage)
             ... on level 3 of the Dungeon.
             The game lasted 00:01:18 (1979 turns).

DocEon the Slasher (Armataur Fighter)               Turns: 1979, Time: 00:01:19

Health: -5/39      AC:  6    Str: 27    XL:     4   Next: 96%
Magic:  4/4        EV:  7    Int:  9    God:
Gold:   120        SH:  4    Dex: 11    Spells: 3/3 levels left

rFire   . . .        a - +0 long sword
rCold   + . .        c - +0 buckler
rNeg    . . .        b - +0 scale mail
rPois   .            (no helmet)
rElec   .            (no cloak)
rCorr   .            (no gloves)
SInv    .            (no barding)
Will    .....        (no amulet) Stlth
                     h - +6 ring of strength
HPRegen 0.26/turn    n - ring of protection from cold
MPRegen 0.09/turn

%: roll
@: mighty
A: large, rugged brown scales 3, deformed body, armoured tail, roll, long
tongue, awkward tongue
a: no special abilities


You were on level 3 of the Dungeon.
You visited 1 branch of the dungeon, and saw 3 of its levels.

You collected 120 gold pieces.

Inventory:

Hand Weapons
 a - a +0 long sword (weapon)
Armour
 b - a +0 scale mail (worn)
 c - a +0 buckler (worn)
Jewellery
 h - a +6 ring of strength (left hand)
 m - a ring of see invisible
 n - a ring of protection from cold (right hand)
 o - a +6 ring of intelligence
Scrolls
 g - 2 scrolls of identify {unknown}
 j - a scroll of teleportation {unknown}
 k - 2 scrolls of enchant armour {unknown}
 p - a scroll of fog {unknown}
Potions
 e - 2 potions of curing {unknown}
 f - 2 potions of enlightenment {unknown}
 i - a potion of ambrosia {unknown}
 l - a potion of brilliance {unknown}


   Skills:
 - Level 2.6 Fighting
 * Level 4.7 Long Blades
 - Level 3.6 Armour
 - Level 3.2 Shields


You had 3 spell levels left.
You didn't know any spells.
Your spell library was empty.

Dungeon Overview and Level Annotations

Branches:
Dungeon (3/15)

Altars:
Kikubaaqudgha
Qazlal

Shops:
D:3 =

Annotations:
D:3 Grinder


Innate Abilities, Weirdness & Mutations

You are completely covered in rugged brown scales. (AC +3, +7% HP)
Armour fits poorly on your strangely shaped body.
You have a long armoured tail.
You roll when moving toward enemies. (Rampage)
Your long tongue fully drains potion bottles. (2x potion effects)
Your tongue gives you trouble enunciating. (1.5x scroll delay)


Message History

Grinder gestures at you. You resist with significant effort.
A hobgoblin comes into view.
There are monsters nearby!
Grinder gestures at you. Pain shoots through your body!
The hobgoblin shouts!
There are monsters nearby!
There are monsters nearby!
You barely miss Grinder. Grinder gestures at you.
You resist with significant effort.
An endoplasm comes into view.
Grinder hits you.
You writhe in agony.
You hit Grinder. You tail-slap Grinder.
Grinder is lightly wounded.
Grinder hits you!
You writhe in agony.
You feel very mighty all of a sudden.
You slurp down every last drop of the potion of might!
Grinder hits you but does no damage.
You hit Grinder. You tail-slap Grinder!!
Grinder is almost dead.
Grinder hits you. The endoplasm freezes you.
You are frozen.
You resist.
* * * LOW HITPOINT WARNING * * *
You completely miss Grinder.
Your tail-slap misses Grinder.
Grinder is almost dead.
Grinder hits you.
* * * LOW HITPOINT WARNING * * *
The hobgoblin hits you.
* * * LOW HITPOINT WARNING * * *
The endoplasm barely misses you.
You hit Grinder but do no damage.
Grinder is almost dead.
Grinder hits you.
* * * LOW HITPOINT WARNING * * *
You writhe in agony.
You die...
Grinder says, "Now the real fun starts!"

# # # ## .####### #### .###...
.......### ##... ...#...
######.∩.# #J5# #.....
########.#######@# ##....
....####.......g.# ##...###
......#####.....#########......#.
#####.......###.......#..........
.####.................#..........
......#.########..........#.###..
###.......##########.#..###.#
....###...........#.....###.####.
##### ###..#####....⌠..........[.


You could see Grinder, an endoplasm and a hobgoblin.

Vanquished Creatures
  A gnoll (D:1)
  7 adders
  A worm (D:2)
  A dart slug (D:3)
  6 orcs (D:3)
  5 ball pythons
  3 endoplasms
  4 giant cockroaches
  6 goblins
  4 hobgoblins
  2 jackals (D:2)
  A quokka (D:1)
  5 bats
  3 frilled lizards
  A kobold (D:2)
  3 rats
53 creatures vanquished.

Notes
Turn   | Place    | Note
-------+----------+-------------------------------------------
     0 | D:1      | DocEon the Armataur Fighter began the quest for the Orb.
     0 | D:1      | Reached XP level 1. HP: 19/19 MP: 1/1
    75 | D:1      | Reached skill level 2 in Long Blades
   217 | D:1      | Reached XP level 2. HP: 26/26 MP: 2/2
   429 | D:1      | Reached skill level 3 in Long Blades
   429 | D:1      | Reached XP level 3. HP: 6/32 MP: 3/3
  1103 | D:2      | Reached skill level 4 in Long Blades
  1103 | D:2      | Reached XP level 4. HP: 27/39 MP: 4/4
  1509 | D:3      | Found a faded altar of an unknown god.
  1593 | D:3      | Found Veimoim's Jewellery Shop.
  1825 | D:3      | Found a stormy altar of Qazlal.
  1825 | D:3      | Found an ancient bone altar of Kikubaaqudgha.
  1971 | D:3      | Noticed Grinder
  1979 | D:3      | HP: 1/39 [Grinder (6)]
  1979 | D:3      | Slain by Grinder

Illustrated notes

Levels and vault maps discovered:
D:1:      scummos_arrival_simple_crosswalls, layout_loops_ring, minmay_3d_cube
D:2:      layout_loops_cross, serial_glass, glass_columns_a, glass_columns_a,
          hangedman_decor_peaks_small, hangedman_feature_mirror
D:3:      layout_rooms, mainiacjoe_overflow_six_doors_small,
          gammafunk_temple_overflow_statue, serial_shops, shop,
          ebering_ecumenical_altar_abandoned, corexii_leaking_fountain,
          minmay_misc_feat_alley, uniq_grinder, uniq_jessica

Skill      XL: |  1  2  3 |
---------------+----------+-----
Long Blades    | 2 3 4 |  4.7
Fighting       | |  2.6
Armour         | |  3.6
Shields        | |  3.2

Action                     |  1- 3 |  4- 6 || total
---------------------------+-------+-------++-------
  Melee: Long sword        |    90 |    80 ||   170
         Tailslap          |     8 |    11 ||    19
    Use: Potion            |       |     1 ||     1
 Armour: Scale mail        |    72 |    67 ||   139
  Dodge: Dodged            |    35 |    28 ||    63
  Block: Buckler           |    28 |    16 ||    44

Table legend: (Time is in decaauts)
 A = Elapsed time spent in this place.
 B = Non-inter-level travel time spent in this place.
 C = Inter-level travel time spent in this place.
 D = Time resting spent in this place.
 E = Time spent auto-exploring this place.
 F = Levels seen in this place.
 G = Mean time per level.
                   A        B        C        D        E       F      G
               +--------+--------+--------+--------+--------+-----+--------+
         Total |   2019 |   1989 |     30 |    238 |   1381 |   3 |  673.0 |
       Dungeon |   2019 |   1989 |     30 |    238 |   1381 |   3 |  673.0 |
               +--------+--------+--------+--------+--------+-----+--------+

Top non-repeatable levels by time:
     D:2: 807 daAuts
     D:1: 731 daAuts
     D:3: 480 daAuts
